 Dungeon Crawl Stone Soup version 0.31-a0-774-g0d66cbabe8 (webtiles) character file.

Game seed: 9244925036692668803

0 cforsyth the Sneak (level 1, -1/20 HPs)
             Began as a Djinni Delver on Sept 18, 2023.
             Slain by a hound (3 damage)
             ... on level 4 of the Dungeon.
             The game lasted 00:00:28 (185 turns).

cforsyth the Sneak (Djinni Delver)                   Turns: 185, Time: 00:00:28

Health: -1/20      AC:  4    Str: 11    XL:     1   Next: 11%
Gold:   10         EV: 12    Int: 11    God:
                   SH:  0    Dex: 14

rFire   + + .        a - +0 falchion
rCold   x . .        (no shield)
rNeg    . . .        b - +0 leather armour
rPois   ∞            i - +0 helmet
rElec   .            (no cloak)
rCorr   .            (no gloves)
SInv    .            (boots unavailable)
Will    .....        (no amulet)
Stlth   ++           (no ring)
HPRegen 0.23/turn    (no ring)
MPRegen 0.00/turn

%: infuse magic (-2 HP)
@: flying
A: sickness immunity, fire resistance 2, cold vulnerability 1, float, innate
caster, HP casting, extra vitality 1
a: no special abilities


You were on level 4 of the Dungeon.
You visited 1 branch of the dungeon, and saw 2 of its levels.

You collected 10 gold pieces.

Inventory:

Hand Weapons
 a - a +0 falchion (weapon)
Armour
 b - a +0 leather armour (worn)
 i - a +0 helmet (worn)
Wands
 g - a wand of digging (3)
Scrolls
 c - a scroll of fog
 d - a scroll of revelation
 e - a scroll of fear
Potions
 f - a potion of haste
 h - 2 potions of enlightenment {unknown}


   Skills:
 + Level 3.0 Fighting
 - Level 1.7 Long Blades
 - Level 2.1 Dodging
 - Level 4.1 Stealth
 + Level 0.0 Spellcasting
 + Level 0.0 Conjurations
 + Level 0.0 Hexes
   Level 0.0 Charms
 + Level 0.0 Summonings
 + Level 0.0 Necromancy
 + Level 0.0 Translocations
 + Level 0.0 Transmutations
 + Level 0.0 Fire Magic
 + Level 0.0 Ice Magic
 + Level 0.0 Air Magic
 + Level 0.0 Earth Magic
 + Level 0.0 Poison Magic You didn't know any spells. Your spell library was empty.

Dungeon Overview and Level Annotations

Branches:
Dungeon (5/15)
 Temple: D:4-7

Altars:


Innate Abilities, Weirdness & Mutations

You are immune to sickness and miasma.
You are immune to poison.
Your flesh is very heat resistant. (rF++)
You are vulnerable to cold. (rC-)
You float through the air rather than walking.
You learn spells naturally, not from books.
Your magical power is your life essence.
You have superior vitality. (+4 MHP)


Message History

You are too injured to fight recklessly!
You are too injured to fight recklessly!
You are too injured to fight recklessly!
You closely miss the hound.
The hound is moderately wounded.
The hound barely misses you. The ball python barely misses you. x2
The ball python bites you.
* * * LOW HITPOINT WARNING * * *
The ball python closely misses you. The hound bites you.
* * * LOW HITPOINT WARNING * * *
You hit the hound but do no damage.
The hound is moderately wounded.
The hound closely misses you. The ball python barely misses you. x2
The hound barely misses you.
You barely miss the hound.
The hound is moderately wounded.
The ball python bites you but does no damage.
The ball python barely misses you. The hound bites you but does no damage.
The ball python bites you but does no damage.
The ball python misses you. The hound bites you.
* * * LOW HITPOINT WARNING * * *
You hit the hound but do no damage.
The hound is moderately wounded.
The hound bites you but does no damage.
The ball python bites you but does no damage.
The ball python misses you.
You closely miss the ball python. The hound bites you.
* * * LOW HITPOINT WARNING * * *
The ball python closely misses you. The ball python grabs you.
The ball python constricts you. The hound closely misses you.
The ball python bites you but does no damage.
The ball python constricts you.
You hit the ball python.
You kill the ball python!
The hound pauses to sniff the ground.
The hound closely misses you. The hound barely misses you.
You hit the hound but do no damage.
The hound is lightly wounded.
The hound bites you.
You die...

.. .#### ## ..#.
.# ...#.## .....
.$. # . #h####.#
...###@.....#..
......†........#
........>......#
.......!.#####.#
#.........
...####.... ###
#..... #......
#.......


You could see a hound.

Vanquished Creatures
  A ball python (D:4)
1 creature vanquished.

Notes
Turn   | Place    | Note
-------+----------+-------------------------------------------
     0 | D:5      | cforsyth the Djinni Delver began the quest for the Orb.
     0 | D:5      | Reached XP level 1. HP: 20/20 MP: 0/0
   137 | D:5      | Noticed a black bear
   169 | D:4      | Noticed a hound
   183 | D:4      | HP: 1/20 [hound (3)]
   185 | D:4      | Slain by a hound

Illustrated notes

Levels and vault maps discovered:
D:4:      layout_basic, serial_undead, serial_undead_a, serial_undead_a,
          serial_undead_c, serial_undead_a, corexii_leaking_fountain
D:5:      layout_basic, led_sif_book, amcnicky_mini_pool_small, hex_tiny,
          uniq_duvessa, uniq_grinder

Action                     || total
---------------------------++-------
  Melee: Falchion          ||    14
 Armour: Leather armour    ||    21
  Dodge: Dodged            ||    19

Table legend: (Time is in decaauts)
 A = Elapsed time spent in this place.
 B = Non-inter-level travel time spent in this place.
 C = Inter-level travel time spent in this place.
 D = Time resting spent in this place.
 E = Time spent auto-exploring this place.
 F = Levels seen in this place.
 G = Mean time per level.
                   A        B        C        D        E       F      G
               +--------+--------+--------+--------+--------+-----+--------+
         Total |    188 |    181 |      7 |      0 |    115 |   2 |   94.0 |
       Dungeon |    188 |    181 |      7 |      0 |    115 |   2 |   94.0 |
               +--------+--------+--------+--------+--------+-----+--------+

Top non-repeatable levels by time:
     D:5: 169 daAuts
     D:4: 19 daAuts
